AoeStats
← scout

Arena

509692755Analyzed
4v4 RM · 6d ago on Sep 27, 2026· 44m 46s· 8 players
Game mode
Random Map
Map size
Large (8 player)
Population
200
Speed
Normal
Resources
Standard
Victory
Conquest
Starting age
Dark Age
Ending age
Imperial Age
RankedLock teamsTeams togetherTeam positionsShared explorationLock speedFull tech treeHidden civsTurbo modeCheats
Victory
Defeat
🇺🇸 Saracens · United States
2065
+7
🇺🇸 Muisca · United States
2044
+8
🇨🇿 Spanish · Czechia
2012
+10
🇹🇷 Koreans · Türkiye
1998
+10
🇫🇮 Goths · Finland
2042
-15
🇫🇮 Huns · Finland
1941
-11
🇩🇪 Wei · Germany
1768
-6
🇫🇮 Gurjaras · Finland
1615
-3
Shyles
9:59 Feudal Age
10:57 Loom
13:39 Castle Age
11:37 Double-Bit Axe
12:21 Horse Collar
15:29 Bow Saw
18:11 Bow Saw
24:34 Scale Barding Armor
29:41 Wheelbarrow
29:07 Heavy Plow
29:04 Gold Mining
29:47 Bloodlines
30:06 Husbandry
30:14 Devotion
30:55 Chain Barding Armor
34:30 Imperial Age
32:57 Gold Shaft Mining
32:58 Forging
33:06 Hand Cart
34:47 Siege Elephant
35:26 Fletching
36:15 Plate Barding Armor
35:14 Heavy Camel Rider
37:57 Iron Casting
40:41 Caravan
41:08 Conscription
41:11 Kshatriyas
42:50 Coinage
42:25 Light Cavalry
43:54 Hussar
Tomppa
11:10 Feudal Age
11:21 Feudal Age
12:39 Horse Collar
13:01 Double-Bit Axe
15:21 Castle Age
13:51 Gold Mining
14:32 Fletching
16:20 Bow Saw
17:36 Ballistics
17:53 Ballistics
21:40 Bodkin Arrow
23:49 Wheelbarrow
23:01 Loom
23:01 Town Watch
23:49 Bodkin Arrow
24:56 Gold Shaft Mining
25:57 Hand Cart
25:53 Stone Mining
26:12 Padded Archer Armor
27:33 Leather Archer Armor
29:04 Heavy Plow
32:36 Imperial Age
30:57 Scale Barding Armor
31:30 Husbandry
31:41 Bloodlines
32:40 Chain Barding Armor
32:30 Forging
33:59 Plate Barding Armor
32:51 Cavalier
34:23 Caravan
34:14 Paladin
35:26 Guilds
35:22 Caravan
36:23 Iron Casting
36:53 Conscription
37:46 Coinage
38:18 Blast Furnace
37:32 Thumb Ring
37:30 Bracer
37:51 Devotion
38:36 Heavy Cavalry Archer
39:41 Parthian Tactics
40:01 Light Cavalry
40:49 Hussar
43:47 Two-Man Saw
TheMax
8:25 Feudal Age
7:37 Loom
8:56 Double-Bit Axe
16:01 Horse Collar
17:37 Town Watch
20:56 Castle Age
21:57 Bow Saw
22:12 Heavy Plow
23:07 Wheelbarrow
23:51 Squires
32:14 Hand Cart
37:20 Imperial Age
35:11 Pikeman
35:52 Scale Mail Armor
36:53 Chain Mail Armor
36:49 Forging
38:06 Halberdier
40:04 Iron Casting
41:49 Blast Furnace
42:33 Conscription
scout
11:09 Feudal Age
11:55 Horse Collar
12:23 Double-Bit Axe
14:51 Castle Age
15:53 Bow Saw
16:12 Heavy Plow
21:19 Gold Mining
22:57 Wheelbarrow
22:32 Stone Mining
23:04 Loom
24:05 Bloodlines
25:03 Devotion
25:21 Husbandry
25:47 Light Cavalry
29:33 Imperial Age
27:02 Light Cavalry
28:11 Hand Cart
29:00 Scale Barding Armor
29:35 Elite Tiger Cavalry
31:17 Conscription
31:59 Ming Guang Armor
33:11 Faith
33:51 Chain Barding Armor
34:35 Coinage
37:15 Fortified Wall
39:22 Town Watch
44:02 Forging
44:24 Pikeman
45:07 Squires
Somero
11:05 Feudal Age
12:36 Double-Bit Axe
12:32 Horse Collar
15:16 Castle Age
16:10 Bow Saw
16:01 Heavy Plow
19:57 Loom
24:19 Wheelbarrow
25:25 Gold Mining
25:27 Stone Mining
25:55 Hand Cart
28:43 Imperial Age
27:39 Scale Barding Armor
27:45 Bloodlines
27:36 Husbandry
29:10 Chain Barding Armor
29:01 Forging
28:52 Cavalier
30:26 Plate Barding Armor
32:37 Paladin
33:38 Conscription
34:08 Coinage
33:57 Forging
35:16 Iron Casting
35:55 Two-Man Saw
35:40 Banking
35:11 Caravan
37:10 Blast Furnace
Grinchy
10:18 Feudal Age
14:06 Castle Age
12:36 Double-Bit Axe
12:33 Horse Collar
15:08 Bow Saw
19:53 Sanctity
26:29 Wheelbarrow
28:14 Fortified Wall
30:25 Hand Cart
34:31 Imperial Age
32:01 Loom
33:09 Scale Barding Armor
33:14 Forging
33:07 Gold Mining
33:07 Stone Mining
33:40 Caravan
34:42 Elite Mameluke
35:42 Conscription
36:57 Chain Barding Armor
37:12 Iron Casting
38:18 Plate Barding Armor
40:32 Blast Furnace
39:38 Husbandry
41:17 Bloodlines
42:10 Gold Shaft Mining
41:59 Heavy Camel Rider
44:28 Town Watch
44:42 Fletching
NoLo
10:23 Feudal Age
11:26 Loom
14:58 Castle Age
13:38 Double-Bit Axe
14:45 Horse Collar
16:32 Bow Saw
19:32 Fletching
21:59 Bodkin Arrow
23:18 Wheelbarrow
23:48 Heavy Plow
25:12 Gold Mining
26:38 Hand Cart
26:47 Stone Mining
28:40 Gold Shaft Mining
31:51 Imperial Age
29:47 Town Watch
30:24 Ballistics
30:37 Treadmill Crane
31:47 Masonry
31:57 Eupseong
32:37 Bracer
33:37 Chemistry
33:25 Conscription
33:03 Arrowslits
35:05 Two-Man Saw
34:04 Elite War Wagon
35:30 Husbandry
36:29 Architecture
36:40 Guilds
36:56 Thumb Ring
38:17 Siege Engineers
39:06 Coinage
39:12 Fortified Wall
41:15 Heavy Rocket Cart
42:19 Shinkichon
43:07 Banking
45:33 Stone Shaft Mining
Mununez
4:44 Loom
7:34 Feudal Age
8:04 Double-Bit Axe
9:03 Fletching
15:12 Double-Bit Axe
15:20 Horse Collar
18:41 Town Watch
21:44 Castle Age
25:48 Imperial Age
23:27 Gold Mining
23:54 Bow Saw
25:41 Sanctity
25:17 Gold Mining
27:01 Block Printing
30:15 Theocracy
33:02 Illumination
34:59 Fervor
34:59 Redemption
40:14 Wheelbarrow
40:58 Scale Mail Armor
41:09 Forging
41:06 Heavy Plow
42:42 Squires
42:02 Elite Temple Guard
45:02 Hand Cart
Connection lost

Rejoining the realm…

Still unreachable

The connection could not be restored.

Session expired

The server has moved on; the page needs a fresh start.